 Dungeon Crawl Stone Soup version 0.13.0-65-g2bb7898 (webtiles) character file.

170 Lilouch the Firebug (level 3, -6/24 HPs)
             Began as a Mummy Fire Elementalist on Nov 25, 2013.
             Mangled by a gnoll
             ... wielding a +2,+0 spear
              (10 damage)
             ... on Level 2 of the Dungeon.
             The game lasted 00:07:20 (1044 turns).

Lilouch the Firebug (Mummy Fire Elementalist)       Turns: 1044, Time: 00:07:21

HP  -6/24        AC  3     Str 11      XL: 3   Next: 42%
MP   4/6         EV 12     Int 15      God:
Gold 125         SH  0     Dex 12      Spells:  3 memorised,  0 levels left

Res.Fire  : + . .   See Invis. : .   e - +2,+0 spear (slay drac)
Res.Cold  : + . .   Warding    : .   k - +1 elf robe {rF+}
Life Prot.: + + +   Conserve   : .   (no shield)
Res.Poison: +       Res.Corr.  : .   (no helmet)
Res.Elec. : .       Clarity    : .   (no cloak)
Sust.Abil.: . .     Spirit.Shd : .   (no gloves)
Res.Mut.  : .       Stasis     : .   (no boots)
Res.Rott. : +       Flight     : .   (no amulet)
Saprovore : . . .                    (no ring)
                                     c - ring of protection from fire {unknown}

@: slightly resistant to hostile enchantments, unstealthy
A: no food or potions, fire vulnerability, restore body, cold resistance 1, life
protection 3, poison resistance, torment resistance, unbreathing
a: no special abilities


You were on level 2 of the Dungeon.
You were not hungry.

You visited 1 branch of the dungeon, and saw 2 of its levels.

You collected 105 gold pieces.

Inventory:

Hand weapons
 e - a +2,+0 spear of dragon slaying (weapon)
 g - a +0,+0 club
 j - a +0,+0 dagger
Missiles
 f - 39 stones (quivered)
Armour
 k - a +1 elven robe of fire resistance (worn)
Scrolls
 d - a scroll of random uselessness {unknown}
 h - a scroll of identify {unknown}
 l - a scroll of remove curse {unknown}
Jewellery
 c - a ring of protection from fire (left hand) {unknown}
Books
 b - a book of Flames

   Spells                             Type                      Level
   *Flame Tongue                      Conjuration/Fire             1
   *Throw Flame                       Conjuration/Fire             2
   *Conjure Flame                     Conjuration/Fire             3
   Inner Flame                        Hexes/Fire                   3
   Sticky Flame                       Conjuration/Fire             4
   Fireball                           Conjuration/Fire             5


   Skills:
 - Level 1.5 Dodging
 - Level 1.5 Stealth
 * Level 2.2 Spellcasting
 + Level 1.4 Conjurations
 + Level 2.7 Fire Magic


You couldn't memorise any spells.
You knew the following spells:

 Your Spells              Type           Power        Failure   Level  Hunger
a - Flame Tongue          Conj/Fire      #....        12%         1    N/A
b - Throw Flame           Conj/Fire      #.....       14%         2    N/A
c - Conjure Flame         Conj/Fire      #.......     30%         3    N/A

Dungeon Overview and Level Annotations

Branches:
Dungeon (2/27)

Altars:


Innate Abilities, Weirdness & Mutations

You do not eat or drink.
Your flesh is vulnerable to fire.
Your flesh is cold resistant.
You are immune to negative energy.
Your system is resistant to poisons.
You are immune to unholy pain and torment.
You can survive without breathing.


Message History

You throw a poisoned dart. The poisoned dart misses the gnoll.
The poisoned dart misses the gnoll.
The gnoll hits you from afar with a spear!
* * * LOW HITPOINT WARNING * * *
The gnoll looks more healthy.
The gnoll looks more healthy.
You see here a glowing orange potion.
You see here a bat corpse.
Things that are here:
a poisoned dart; a poisoned javelin The gnoll hits you from afar with a spear.
* * * LOW HITPOINT WARNING * * *
Things that are here:
a poisoned javelin; a giant newt corpse You see here 5 poisoned javelins.
You see here an elven dagger.
Your magical contamination has completely faded away.
There is a stone staircase leading up here.
The gnoll hits you from afar with a spear!
You die...

#.# #.#
#..#........ #.#
#.#
##..####.....
#.# #.# #...#
#!.### #.# #.#
#.#)# #..### #.#
#.# #.#g#
##..... #.# #.#
#.#(###.....#
#.#########.#
#g#g##.......
#.##........#
#.#(%.%....).
#....#####@##
#.######...##
#.##.# #.####.#
##.... #.##.#
#.g..g.# #.###
#.##.# #.######
#.#
#.##.#####.#####
#.#
#.##...........#
...
#.############.#
#.# #.# #.# #.#
#.# #.#


You could see a gnoll.

Vanquished Creatures
  A gnoll (D:2)
  An adder (D:2)
  2 giant geckos
  An ooze (D:1)
  2 bats
  A giant cockroach (D:2)
  3 goblins (D:1)
  4 hobgoblins
  4 giant newts
  2 kobolds (D:2)
  6 rats
27 creatures vanquished.

Notes
Turn   | Place    | Note
--------------------------------------------------------------
     0 | D:1      | Lilouch, the Mummy Fire Elementalist, began the quest for the Orb.
     0 | D:1      | Reached XP level 1. HP: 13/13 MP: 3/3
   372 | D:1      | Reached XP level 2. HP: 19/19 MP: 4/4
   455 | D:1      | Reached skill level 1 in Conjurations
   807 | D:2      | Reached XP level 3. HP: 16/24 MP: 0/6
   979 | D:1      | Learned a level 2 spell: Throw Flame
   983 | D:1      | Learned a level 3 spell: Conjure Flame
  1044 | D:2      | Mangled by a gnoll

Action                   || total
-------------------------++-------
Melee: Spear             ||     9
Throw: Javelin           ||    30
       Dart              ||     4
       Dagger            ||     2
 Cast: Flame Tongue      ||    28
       Conjure Flame     ||     1
